 Dungeon Crawl Stone Soup version 0.27.0-1-g7a089689b8 (webtiles) character file.

Game seed: 933404751191374303

202 MisterFreud the Cudgeller (level 5, -3/32 HPs)
             Began as a Gargoyle Fighter on Aug 1, 2021.
             Was an Initiate of Okawaru.
             Slain by Blork the orc (5 damage)
             ... on level 5 of the Dungeon.
             The game lasted 00:03:49 (2796 turns).

MisterFreud the Cudgeller (Gargoyle Fighter)        Turns: 2796, Time: 00:03:49

Health: -3/32      AC: 15    Str: 20    XL:     5   Next: 80%
Magic:  5/5        EV:  3    Int:  9    God:    Okawaru [......]
Gold:   204        SH:  9    Dex:  9    Spells: 4/4 levels left

rFire    . . .     SeeInvis .   a - +0 flail
rCold    . . .     Faith    .   c - +0 kite shield
rNeg     + . .     Spirit   .   i - +0 plate armour
rPois    ∞         Reflect  .   (no helmet)
rElec    +         Harm     .   (no cloak)
rCorr    .         Rampage  .   (no gloves)
Will     .....                  (no boots)
Stlth    ..........             (no amulet)
HPRegen  0.10/turn              (no ring)
MPRegen  0.09/turn              (no ring)

@: mighty
A: sickness immunity, AC +4, negative energy resistance 1, electricity
resistance, torment resistance 1, petrification resistance
a: Renounce Religion


You were on level 5 of the Dungeon.
You worshipped Okawaru.
Okawaru was noncommittal.
You visited 1 branch of the dungeon, and saw 5 of its levels.

You collected 204 gold pieces.

Inventory:

Hand Weapons
 a - a +0 flail (weapon)
 o - the +5 hunting sling of Pandemonium {speed, +Blink Int+4}
   (You found it on level 5 of the Dungeon)

   Attacks with this weapon are significantly faster.
   Int:       It affects your intelligence (+4).
   +Blink:    It lets you blink.
Missiles
 k - 3 poisoned darts (quivered)
Armour
 b - a +0 scale mail
 c - a +0 kite shield (worn)
 i - a +0 plate armour (worn)
Jewellery
 j - an amulet of faith
Scrolls
 e - a scroll of fear {unknown}
 f - 4 scrolls of teleportation {unknown}
 g - a scroll of brand weapon {unknown}
 h - a scroll of blinking {unknown}
 l - a scroll of identify {unknown}
Potions
 m - a potion of cancellation {unknown}
 n - 2 potions of curing {unknown}


   Skills:
 - Level 3.2 Fighting
 + Level 5.0 Maces & Flails
 + Level 4.3 Armour
 - Level 3.2 Shields
 + Level 1.2 Invocations


You had 4 spell levels left.
You didn't know any spells.
Your spell library was empty.

Dungeon Overview and Level Annotations

Branches:
Dungeon (5/15)
 Temple: D:4-7

Altars:
Cheibriados
Okawaru

Annotations:
D:5 Blork the orc


Innate Abilities, Weirdness & Mutations

You are immune to sickness and miasma.
Your stone body is resilient. (AC +4)
You are immune to poison.
You resist negative energy. (rN+)
You are resistant to electric shocks. (rElec)
You are resistant to unholy torment.
You are immune to petrification.


Message History

Unknown command.
Unknown command.
The endoplasm hits you but does no damage.
You climb downwards.
Level annotation: Blork the orc
There is a stone staircase leading up here.
You aren't carrying any items that you can evoke.
Unknown command.
Blork the orc gestures at you while chanting.
The puff of flame hits you but does no damage.
You feel very mighty all of a sudden.
You thump the endoplasm!
You kill the endoplasm!
Okawaru accepts your kill.
Blork the orc points at you and mumbles some strange words.
The puff of frost hits you.
Blork the orc casts a cantrip, but nothing happens.
You hit Blork the orc.
Blork the orc is lightly wounded.
Blork the orc casts a spell at you. The puff of frost hits you.
You barely miss Blork the orc.
Blork the orc is lightly wounded.
Blork the orc hits you but does no damage.
You closely miss Blork the orc.
Blork the orc is lightly wounded.
You block Blork the orc's attack.
Blork the orc hits you with a +6 vorpal flail.
You sock Blork the orc!
Blork the orc is moderately wounded.
Blork the orc hits you with a +6 vorpal flail!
You thump Blork the orc!
Blork the orc is severely wounded.
Blork the orc hits you with a +6 vorpal flail!
* * * LOW HITPOINT WARNING * * *
x2 You block Blork the orc's attack.
You hit Blork the orc.
Blork the orc is almost dead.
Blork the orc hits you with a +6 vorpal flail.
You die...

###.#
..........
#...#
..........
#.### ##.#
###..#
#...##
##.#..#####.
#$..o.......
####@######.
#.# #.# #.#
#.# #.# #.#
#.# #.#


You could see Blork the orc.

Vanquished Creatures
  A hound (D:3)
  A centaur skeleton (D:5)
  2 hound zombies (D:3)
  A howler monkey zombie (D:3)
  3 adders
  An adder skeleton (D:3)
  2 worms (D:2)
  2 dart slugs
  7 endoplasms
  4 giant cockroaches
  3 goblins (D:1)
  6 hobgoblins
  7 ball pythons
  5 bats
  A frilled lizard (D:2)
  10 kobolds
  A quokka skeleton (D:3)
  3 quokka zombies (D:3)
  9 rats
69 creatures vanquished.

Notes
Turn   | Place    | Note
-------+----------+-------------------------------------------
     0 | D:1      | MisterFreud the Gargoyle Fighter began the quest for the
                  | Orb.
     0 | D:1      | Reached XP level 1. HP: 14/14 MP: 1/1
    35 | D:1      | Found a faded altar of an unknown god.
   120 | D:1      | Reached XP level 2. HP: 19/19 MP: 2/2
   477 | D:1      | Reached skill level 3 in Maces & Flails
   803 | D:1      | Reached XP level 3. HP: 21/23 MP: 3/3
  1386 | D:2      | Found a snail-covered altar of Cheibriados.
  1618 | D:2      | Reached skill level 4 in Maces & Flails
  1646 | D:2      | Reached XP level 4. HP: 28/28 MP: 4/4
  2276 | D:3      | Found a snail-covered altar of Cheibriados.
  2277 | D:3      | Found an iron altar of Okawaru.
  2290 | D:3      | Reached XP level 5. HP: 25/32 MP: 5/5
  2348 | D:3      | Became a worshipper of Warmaster Okawaru
  2665 | D:3      | You fall into a shaft and drop 2 floors!
  2665 | D:5      | Entered Level 5 of the Dungeon
  2688 | D:5      | Reached skill level 5 in Maces & Flails
  2688 | D:5      | Reached skill level 1 in Invocations
  2715 | D:5      | Identified the +5 hunting sling of Pandemonium {speed,
                  | +Blink Int+4}
  2780 | D:5      | Noticed Blork the orc
  2796 | D:5      | Slain by Blork the orc

Illustrated notes

Levels and vault maps discovered:
D:1:      dpeg_arrival_tiny_k, layout_basic, ebering_ecumenical_altar_rust,
          st_stairs_9
D:2:      layout_loops_ring, basic_altar
D:3:      layout_basic, jmf_multi_god_temple, serial_undead, serial_undead_b,
          serial_undead_f, serial_undead_c, serial_undead_e, serial_undead_e,
          serial_undead_c, serial_undead_d, serial_undead_d, serial_undead_d,
          serial_undead_a, serial_bayou_crossing
D:4:      cheibrodos_fertilizer, layout_basic
D:5:      layout_rooms, serial_shops, nicolae_shop_behind_doors,
          minmay_fractal_squares_diagonal_5, uniq_duvessa, uniq_blork_the_orc,
          uniq_crazy_yiuf_cottage

Skill      XL: |  1  2  3  4  5 |
---------------+----------------+-----
Maces & Flails | 3 4 5 |  5.0
Armour         | 4 |  4.3
Invocations    | 1 |  1.2
Fighting       | |  3.2
Shields        | |  3.2

Action                   |  1- 3 |  4- 6 || total
-------------------------+-------+-------++-------
Melee: Flail             |   127 |   120 ||   247
  Use: Potion            |       |     1 ||     1
Armor: Scale mail        |    81 |    12 ||    93
       Plate armour      |       |    92 ||    92
Dodge: Dodged            |    43 |    29 ||    72
Block: Kite shield       |    72 |    83 ||   155
